 Dungeon Crawl Stone Soup version 0.28-a0-724-g66f9036eb4 (webtiles) character file.

Game seed: 15370046074944333642

349 ytrimaz the Grave Robber (level 6, 19/44 HPs)
             Began as a Demonspawn Necromancer on Oct 26, 2021.
             Quit the game on level 6 of the Dungeon.
             The game lasted 00:06:05 (5541 turns).

ytrimaz the Grave Robber (Demonspawn Necromancer)   Turns: 5541, Time: 00:06:05

Health: 19/44      AC:  2    Str:  4 (7)  XL:     6   Next: 33%
Magic:  12/12      EV: 12    Int: 16 (18) God:
Gold:   1186       SH:  0    Dex: 11 (13) Spells: 9/13 levels left

rFire   . . .      SeeInvis .     - Unarmed
rCold   . . .      Faith    .   (no shield)
rNeg    . . .      Spirit   .   a - +1 robe
rPois   .          Reflect  .   (helmet restricted)
rElec   .          Harm     .   (no cloak)
rCorr   .          Rampage  .   (no gloves)
Will    .....                   (no boots)
Stlth   ++........              (no amulet)
HPRegen 0.14/turn               (no ring)
MPRegen 0.13/turn               (no ring)

@: attractive
A: horns 2, foul stench 2, deformed body, weak 1, wild magic 1
a: no special abilities


You were on level 6 of the Dungeon.
You visited 1 branch of the dungeon, and saw 4 of its levels.

You collected 1186 gold pieces.

Inventory:

Armour
 a - a +1 robe (worn)
Scrolls
 e - a scroll of fog
Potions
 b - a potion of magic
 g - a potion of might {unknown}
 h - a potion of heal wounds {unknown}


   Skills:
 * Level 1.6 Fighting
 - Level 1.7 Dodging
 - Level 1.7 Stealth
 * Level 1.2 Unarmed Combat
 + Level 4.2 Spellcasting
 + Level 6.4 Necromancy


You had 9 spell levels left.
You knew the following spells:

 Your Spells              Type           Power      Damage    Failure   Level
a - Pain                  Necr           100%       1d9       2%          1
b - Vampiric Draining     Necr           15%        2d8       6%          3

Your spell library contained the following spells:

 Spells                   Type           Power      Damage    Failure   Level
 Animate Skeleton         Necr           62%        N/A       2%          1
 Animate Dead             Necr           15%        N/A       17%         4
 Agony                    Necr           31%        N/A       41%         5
 Gell's Gravitas          Tloc           2%         N/A       54%         3
 Teleport Other           Tloc           4%         N/A       54%         3
 Dispersal                Tloc           2%         N/A       100%        6


Dungeon Overview and Level Annotations

Branches:
Dungeon (3/15)

Altars:


Innate Abilities, Weirdness & Mutations

You have a pair of horns on your head.
You sometimes emit foul miasma when damaged in melee.
Armour fits poorly on your strangely shaped body.
You are weak. (Str -2)
Your spells are a little harder to cast, but a little more powerful.


Message History

The shaft crumbles and collapses.
You pick up a There-And-Back Book and begin reading...
You add the spells Gell's Gravitas, Teleport Other and Dispersal to your library.
A killer bee zombie comes into view.
A killer bee zombie is nearby!
A killer bee zombie is nearby!
You can't see any susceptible monsters within range! (Use Z to cast anyway.)
You can't see any susceptible monsters within range! (Use Z to cast anyway.)
The killer bee zombie hits you but does no damage.
The killer bee zombie hits you.
You barely miss the killer bee zombie. The killer bee zombie misses you.
The killer bee zombie hits you.
Okay, then.
The killer bee zombie closely misses you.
The killer bee zombie hits you.
You emit a cloud of foul miasma!
The killer bee zombie hits you.
You emit a cloud of foul miasma!
The killer bee zombie closely misses you.
The killer bee zombie barely misses you.
The killer bee zombie closely misses you.
The killer bee zombie hits you.
You emit a cloud of foul miasma!
The killer bee zombie closely misses you.
The killer bee zombie closely misses you.
The killer bee zombie hits you.
The killer bee zombie barely misses you.
Okay, then.
It was a potion of attraction.
You feel attractive to monsters.
The killer bee zombie barely misses you.
The killer bee zombie hits you but does no damage.
It was a potion of degeneration.
There was something very wrong with that liquid.
You feel weakened.
You feel dopey.
You feel clumsy.
The killer bee zombie hits you. x2; You emit a cloud of foul miasma!
It was a potion of mutation.
You feel extremely strange.
You feel less in control of your magic.
You feel weaker.
Your body twists and deforms.
The killer bee zombie misses you.
Sorry, you're not good enough to have a special ability.
Unknown command.
Are you sure you want to abandon this character and quit the game? (Confirm with "yes".)

#. . #.
####. #.##
#....
#..#####.##.
#..........
#..####.##.
#####..##
#....
####.......#
#....
#@Z...##.#.#
#.##.
####.###.#.#
#.#..
#.##..#.#
#.##.
#.##.##.#
#.###
#.......#
#....
#.......#
#####
##.....## #
#.....# #
#.....# #


You could see a killer bee zombie.

Vanquished Creatures
  An ogre (D:3)
  8 gnolls
  11 adders
  A river rat (D:3)
  4 worms
  3 dart slugs (D:1)
  3 ball pythons
  7 endoplasms
  5 giant cockroaches
  4 goblins
  A hobgoblin (D:1)
  6 jackals
  2 quokkas
  5 bats
  2 frilled lizards
  7 kobolds
  7 rats
77 creatures vanquished.

Notes
Turn   | Place    | Note
-------+----------+-------------------------------------------
     0 | D:1      | ytrimaz the Demonspawn Necromancer began the quest for the
                  | Orb.
     0 | D:1      | Reached XP level 1. HP: 13/13 MP: 3/3
   747 | D:1      | Gained mutation: You may rarely emit foul miasma when
                  | damaged in melee. [demonic ancestry]
   747 | D:1      | Reached XP level 2. HP: 8/19 MP: 0/5
  1206 | D:1      | Reached skill level 5 in Necromancy
  1750 | D:1      | Reached XP level 3. HP: 19/24 MP: 0/6
  1754 | D:1      | Learned a level 3 spell: Vampiric Draining
  2266 | D:1      | Identified a scroll of acquirement
  2266 | D:1      | Acquired 1093 gold pieces
  2466 | D:2      | Gained mutation: You have a pair of small horns on your
                  | head. [demonic ancestry]
  2466 | D:2      | Reached XP level 4. HP: 16/30 MP: 4/8
  3672 | D:2      | Gained mutation: You have a pair of horns on your head.
                  | [demonic ancestry]
  3672 | D:2      | Reached XP level 5. HP: 33/36 MP: 6/10
  4156 | D:2      | Reached skill level 1 in Fighting
  4390 | D:3      | Noticed an ogre
  4429 | D:3      | Killed an ogre
  4430 | D:3      | Reached skill level 6 in Necromancy
  4754 | D:3      | Reached skill level 1 in Unarmed Combat
  4754 | D:3      | Gained mutation: You sometimes emit foul miasma when
                  | damaged in melee. [demonic ancestry]
  4754 | D:3      | Reached XP level 6. HP: 37/43 MP: 6/12
  5489 | D:3      | Found a faded altar of an unknown god.
  5491 | D:3      | You fall into a shaft and drop 3 floors!
  5540 | D:6      | Gained mutation: Your spells are a little harder to cast,
                  | but a little more powerful. [potion of mutation]
  5540 | D:6      | Gained mutation: You are weak. (Str -2) [potion of
                  | mutation]
  5540 | D:6      | Gained mutation: Armour fits poorly on your strangely
                  | shaped body. [potion of mutation]
  5541 | D:6      | Quit the game

Illustrated notes

Levels and vault maps discovered:
D:1:      minmay_arrival_stair_chambers, layout_loops_ring
D:2:      minmay_alternating_diamond, layout_basic, minmay_hedge_maze,
          fountainhead, minmay_misc_feat_roman
D:3:      layout_basic, nicolae_uskayaw_suspiria,
          nicolae_qazlal_general_emergency, lightli_sewer_entry_pipes,
          hellmonk_ecumenical_altar_blasted, chequers_serial_rivers_micro_b,
          minmay_surrounded
D:6:      layout_loops_cross, grunt_gozag_statues,
          minmay_temple_entry_glassed_door

Skill      XL: |  1  2  3  4  5 |
---------------+----------------+-----
Necromancy     | 5 6 |  6.4
Spellcasting   | 3 4 |  4.2
Fighting       | 1 |  1.6
Unarmed Combat | 1 |  1.2
Dodging        | |  1.7
Stealth        | |  1.7

Action                   |  1- 3 |  4- 6 || total
-------------------------+-------+-------++-------
Melee: Unarmed           |    26 |     5 ||    31
       Headbutt          |       |     1 ||     1
 Cast: Pain              |    65 |    95 ||   160
       Vampiric Draining |       |     8 ||     8
  Use: Scroll            |     3 |     3 ||     6
       Potion            |       |     5 ||     5
Armor: Robe              |     5 |     7 ||    12
Dodge: Dodged            |    21 |    41 ||    62

Table legend: (Time is in decaauts)
 A = Elapsed time spent in this place.
 B = Non-inter-level travel time spent in this place.
 C = Inter-level travel time spent in this place.
 D = Time resting spent in this place.
 E = Time spent auto-exploring this place.
 F = Levels seen in this place.
 G = Mean time per level.
                   A        B        C        D        E       F      G
               +--------+--------+--------+--------+--------+-----+--------+
         Total |   5571 |   5494 |     77 |   2054 |   2684 |   4 | 1392.8 |
       Dungeon |   5571 |   5494 |     77 |   2054 |   2684 |   4 | 1392.8 |
               +--------+--------+--------+--------+--------+-----+--------+

Top non-repeatable levels by time:
     D:1: 2676 daAuts
     D:2: 1590 daAuts
     D:3: 1255 daAuts
     D:6: 49 daAuts
